TOP OF THE 1ST |
New Jersey Devils batting - Pitching for Southern Maryland Blue Crabs : RHP Leo Farrell
|
Pitching: RHP Leo Farrell
|
|
Batting: RHB Roberto Lemus
|
0-0: Ball 1-0: Foul Ball, location: 2F 1-1: Foul Ball, location: 2F 1-2: SINGLE (Groundball, 15S, EV 67.5 MPH) (infield hit)
|
Batting: RHB Ryota Tenno
|
0-0: Foul Ball, location: 2F 0-1: Ball 1-1: Foul Ball, location: 2F 1-2: Strikes out swinging
|
Batting: SHB Nelle van den Berg
|
0-0: Ball 1-0: Ball 2-0: Called Strike 2-1: Foul Ball, location: 2F 2-2: Strikes out swinging Roberto Lemus steals 2nd base (no throw) Batter strikes out.
|
Batting: RHB Cesar Chavez
|
0-0: Ball 1-0: Foul Ball, location: 2F 1-1: Swinging Strike 1-2: Ball 2-2: Strikes out swinging
|
Top of the 1st over - 0 runs, 1 hit, 0 errors, 1 left on base; New Jersey 0 - Southern Maryland 0 |
BOTTOM OF THE 1ST |
Southern Maryland Blue Crabs batting - Pitching for New Jersey Devils : LHP Gabe Watkins
|
Pitching: LHP Gabe Watkins
|
|
Batting: RHB Jose Vasquez
|
0-0: Ball 1-0: Foul Ball, location: 2F 1-1: Ball 2-1: Ground out 5-3 (Groundball, 56, EV 94.4 MPH)
|
Batting: RHB Saimei Kudo
|
0-0: Ball 1-0: DOUBLE (Line Drive, 78M, EV 93.8 MPH)
|
Batting: SHB Olaf Zoeteman
|
0-0: Called Strike 0-1: Ball 1-1: Called Strike 1-2: Ball 2-2: Foul Ball, location: 2F 2-2: SINGLE (Groundball, 56D, EV 107.5 MPH) Saimei Kudo to third Runner from 3rd tries for Home, SAFE, throw by LF to home
|
Batting: RHB Andres Leon
|
0-0: Called Strike 0-1: Grounds into double play, 5-4-3 (Groundball, 5, EV 89.4 MPH)
|
Bottom of the 1st over - 1 run, 2 hits, 0 errors, 0 left on base; New Jersey 0 - Southern Maryland 1 |
TOP OF THE 2ND |
New Jersey Devils batting - Pitching for Southern Maryland Blue Crabs : RHP Leo Farrell
|
Batting: RHB Victor Ponce
|
0-0: Foul Ball, location: 2F 0-1: Ball 1-1: Ground out 6-3 (Groundball, 4M, EV 86.9 MPH)
|
Batting: RHB Alejandro Herrera
|
0-0: Called Strike 0-1: Ball 1-1: Fly out, F8 (Flyball, 89XD, EV 107.5 MPH)
|
Batting: SHB Tomas Caldera
|
0-0: Foul Ball, location: 2F 0-1: Ball 1-1: Called Strike 1-2: Ball 2-2: Strikes out swinging
|
Top of the 2nd over - 0 runs, 0 hits, 0 errors, 0 left on base; New Jersey 0 - Southern Maryland 1 |
BOTTOM OF THE 2ND |
Southern Maryland Blue Crabs batting - Pitching for New Jersey Devils : LHP Gabe Watkins
|
Batting: LHB Suguru Tokunaga
|
0-0: Called Strike 0-1: Ball 1-1: Ball 2-1: Foul Ball, location: 2F 2-2: Foul Ball, location: 2F 2-2: Foul Ball, location: 2F 2-2: Ball 3-2: Ground out U3 (Groundball, 34, EV 79.4 MPH)
|
Batting: RHB Jairo Villar
|
0-0: SINGLE (Line Drive, 34, EV 98.8 MPH)
|
Batting: SHB Dylan Novakowski
|
0-0: Ball 1-0: Foul Ball, location: 2F 1-1: Ball 2-1: Ball 3-1: Foul Ball, location: 2F 3-2: Foul Ball, location: 2F 3-2: Base on Balls Jairo Villar to second
|
Batting: RHB Young-kwang Ohnn
|
0-0: Ball 1-0: Ball 2-0: Foul Ball, location: 2F 2-1: Foul Ball, location: 2F 2-2: Fly out, F8 (Flyball, 8LD, EV 98.8 MPH) Runner from 2nd tags up, SAFE at 3rd with throw by CF
|
Batting: RHB Guillermo Vargas
|
0-0: Ball 1-0: Ball 2-0: Foul Ball, location: 2F 2-1: Foul Ball, location: 2F 2-2: Ball 3-2: Fly out, F8 (Flyball, 8RD, EV 103.1 MPH)
|
Bottom of the 2nd over - 0 runs, 1 hit, 0 errors, 2 left on base; New Jersey 0 - Southern Maryland 1 |
TOP OF THE 3RD |
New Jersey Devils batting - Pitching for Southern Maryland Blue Crabs : RHP Leo Farrell
|
Batting: RHB Kazuhiro Kudo
|
0-0: Swinging Strike 0-1: Ball 1-1: Ball 2-1: Foul Ball, location: 2F 2-2: Strikes out swinging
|
Batting: SHB Ryan Palermo
|
0-0: Called Strike 0-1: Bunt missed! 0-2: Ball 1-2: Ball 2-2: Foul Ball, location: 2F 2-2: Strikes out swinging
|
Batting: RHB Roberto Lemus
|
0-0: Fly out, F9 (Flyball, 89M, EV 84.4 MPH)
|
Top of the 3rd over - 0 runs, 0 hits, 0 errors, 0 left on base; New Jersey 0 - Southern Maryland 1 |
BOTTOM OF THE 3RD |
Southern Maryland Blue Crabs batting - Pitching for New Jersey Devils : LHP Gabe Watkins
|
Batting: RHB Jose Vasquez
|
0-0: Called Strike 0-1: Fly out, F7 (Line Drive, 7, EV 88.8 MPH)
|
Batting: RHB Saimei Kudo
|
0-0: Ball 1-0: Fly out, F7 (Line Drive, 7, EV 96.3 MPH)
|
Batting: SHB Olaf Zoeteman
|
0-0: Ball 1-0: Called Strike 1-1: Swinging Strike 1-2: Strikes out looking
|
Bottom of the 3rd over - 0 runs, 0 hits, 0 errors, 0 left on base; New Jersey 0 - Southern Maryland 1 |
TOP OF THE 4TH |
New Jersey Devils batting - Pitching for Southern Maryland Blue Crabs : RHP Leo Farrell
|
Batting: RHB Ryota Tenno
|
0-0: Foul Ball, location: 2F 0-1: Called Strike 0-2: Foul Ball, location: 2F 0-2: Fly out, F7 (Flyball, 7S, EV 81.3 MPH)
|
Batting: SHB Nelle van den Berg
|
0-0: Ball 1-0: Ball 2-0: Foul Ball, location: 2F 2-1: Ground out 6-3 (Groundball, 6, EV 100.6 MPH)
|
Batting: RHB Cesar Chavez
|
0-0: Ball 1-0: Ball 2-0: Foul Ball, location: 2F 2-1: Foul Ball, location: 2F 2-2: Strikes out swinging
|
Top of the 4th over - 0 runs, 0 hits, 0 errors, 0 left on base; New Jersey 0 - Southern Maryland 1 |
BOTTOM OF THE 4TH |
Southern Maryland Blue Crabs batting - Pitching for New Jersey Devils : LHP Gabe Watkins
|
Batting: RHB Andres Leon
|
0-0: Ball 1-0: Called Strike 1-1: Ground out 1-3 (Groundball, 15, EV 86.9 MPH)
|
Batting: LHB Suguru Tokunaga
|
0-0: Ball 1-0: Foul Ball, location: 2F 1-1: Ball 2-1: Ball 3-1: Fly out, F8 (Line Drive, 8RM, EV 96.3 MPH)
|
Batting: RHB Jairo Villar
|
0-0: Swinging Strike 0-1: Ball 1-1: Ball 2-1: Swinging Strike 2-2: Ground out 1-3 (Groundball, 15, EV 67.5 MPH)
|
Bottom of the 4th over - 0 runs, 0 hits, 0 errors, 0 left on base; New Jersey 0 - Southern Maryland 1 |
TOP OF THE 5TH |
New Jersey Devils batting - Pitching for Southern Maryland Blue Crabs : RHP Leo Farrell
|
Batting: RHB Victor Ponce
|
0-0: Swinging Strike 0-1: Called Strike 0-2: Strikes out swinging
|
Batting: RHB Alejandro Herrera
|
0-0: Swinging Strike 0-1: Foul Ball, location: 2F 0-2: Strikes out swinging
|
Batting: SHB Tomas Caldera
|
0-0: Ground out U3 (Groundball, 34, EV 80.6 MPH)
|
Top of the 5th over - 0 runs, 0 hits, 0 errors, 0 left on base; New Jersey 0 - Southern Maryland 1 |
BOTTOM OF THE 5TH |
Southern Maryland Blue Crabs batting - Pitching for New Jersey Devils : LHP Gabe Watkins
|
Batting: SHB Dylan Novakowski
|
0-0: Foul Ball, location: 2F 0-1: Ball 1-1: Ball 2-1: SINGLE (Line Drive, 9LM, EV 103.1 MPH)
|
Batting: RHB Young-kwang Ohnn
|
0-0: Ball Dylan Novakowski is caught stealing 2nd base 2-4 1-0: Swinging Strike 1-1: Called Strike 1-2: Strikes out looking
|
Batting: RHB Guillermo Vargas
|
0-0: Ball 1-0: Fly out, F7 (Flyball, 7LS, EV 90.0 MPH)
|
Bottom of the 5th over - 0 runs, 1 hit, 0 errors, 0 left on base; New Jersey 0 - Southern Maryland 1 |
TOP OF THE 6TH |
New Jersey Devils batting - Pitching for Southern Maryland Blue Crabs : RHP Leo Farrell
|
Batting: RHB Kazuhiro Kudo
|
0-0: Ball 1-0: Ground out 6-3 (Groundball, 6M, EV 98.8 MPH)
|
Batting: SHB Ryan Palermo
|
0-0: Foul Ball, location: 2F 0-1: Fly out, F9 (Flyball, 9LD, EV 101.9 MPH)
|
Batting: RHB Roberto Lemus
|
0-0: Ball 1-0: Ball 2-0: Called Strike 2-1: SINGLE (Flyball, 78M, EV 92.5 MPH)
|
Batting: RHB Ryota Tenno
|
0-0: Ball 1-0: SINGLE (Groundball, 56D, EV 102.5 MPH) Roberto Lemus to second
|
Batting: SHB Nelle van den Berg
|
0-0: Foul Ball, location: 2F 0-1: Ball 1-1: Ball 2-1: Called Strike 2-2: Strikes out swinging
|
Top of the 6th over - 0 runs, 2 hits, 0 errors, 2 left on base; New Jersey 0 - Southern Maryland 1 |
BOTTOM OF THE 6TH |
Southern Maryland Blue Crabs batting - Pitching for New Jersey Devils : LHP Gabe Watkins
|
Batting: RHB Jose Vasquez
|
0-0: Ball 1-0: Ball 2-0: Foul Ball, location: 2F 2-1: Ball 3-1: SINGLE (Groundball, 5D, EV 100.6 MPH)
|
Batting: RHB Saimei Kudo
|
0-0: Called Strike 0-1: Fly out, F9 (Flyball, 9S, EV 90.0 MPH)
|
Batting: SHB Olaf Zoeteman
|
0-0: Ball 1-0: Called Strike 1-1: Swinging Strike 1-2: SINGLE (Flyball, 78M, EV 90.0 MPH) Jose Vasquez to second Jose Vasquez to third
|
Batting: RHB Andres Leon
|
0-0: Called Strike 0-1: Ball 1-1: Fly out, F8 (Flyball, 89D, EV 102.5 MPH) Runner from 3rd tags up, OUT at HOME! 8-2
|
Bottom of the 6th over - 0 runs, 2 hits, 0 errors, 1 left on base; New Jersey 0 - Southern Maryland 1 |
TOP OF THE 7TH |
New Jersey Devils batting - Pitching for Southern Maryland Blue Crabs : RHP Leo Farrell
|
Pitching: RHP Ivan Martinez
|
|
Batting: RHB Cesar Chavez
|
0-0: Ball 1-0: Ball 2-0: Called Strike 2-1: SINGLE (Flyball, 9S, EV 90.0 MPH)
|
Batting: RHB Victor Ponce
|
0-0: Ball 1-0: Ball 2-0: Called Strike 2-1: Called Strike 2-2: Strikes out looking
|
Batting: RHB Alejandro Herrera
|
0-0: Ball 1-0: Ball 2-0: Grounds into double play, 6-4-3 (Groundball, 6, EV 88.1 MPH)
|
Top of the 7th over - 0 runs, 1 hit, 0 errors, 0 left on base; New Jersey 0 - Southern Maryland 1 |
BOTTOM OF THE 7TH |
Southern Maryland Blue Crabs batting - Pitching for New Jersey Devils : LHP Gabe Watkins
|
Pitching: LHP Mike Lytle
|
|
Batting: LHB Suguru Tokunaga
|
0-0: Ball 1-0: Ball 2-0: Ball 3-0: Called Strike 3-1: Base on Balls
|
Batting: RHB Jairo Villar
|
0-0: Ball 1-0: Called Strike 1-1: Foul Ball, location: 2F 1-2: Grounds into double play, 4-6-3 (Groundball, 4, EV 101.9 MPH)
|
Batting: SHB Dylan Novakowski
|
0-0: Ball 1-0: Ball 2-0: Foul Ball, location: 2F 2-1: Ground out 6-3 (Groundball, 6, EV 103.1 MPH)
|
Bottom of the 7th over - 0 runs, 0 hits, 0 errors, 0 left on base; New Jersey 0 - Southern Maryland 1 |
TOP OF THE 8TH |
New Jersey Devils batting - Pitching for Southern Maryland Blue Crabs : RHP Ivan Martinez
|
Batting: SHB Tomas Caldera
|
0-0: Swinging Strike 0-1: Ball 1-1: Foul Ball, location: 2F 1-2: Strikes out swinging
|
Batting: RHB Kazuhiro Kudo
|
0-0: Called Strike 0-1: SOLO HOME RUN (Flyball, 7D, EV 104.4 MPH), Distance : 387 ft
|
Batting: SHB Ryan Palermo
|
0-0: Fly out, F9 (Flyball, 89D, EV 104.4 MPH)
|
Batting: RHB Roberto Lemus
|
0-0: SINGLE (Line Drive, 6M, EV 108.1 MPH)
|
Batting: RHB Ryota Tenno
|
0-0: Ball 1-0: Foul Ball, location: 2F 1-1: Fly out, F5 (Popup, 25, EV 85.0 MPH)
|
Top of the 8th over - 1 run, 2 hits, 0 errors, 1 left on base; New Jersey 1 - Southern Maryland 1 |
BOTTOM OF THE 8TH |
Southern Maryland Blue Crabs batting - Pitching for New Jersey Devils : LHP Mike Lytle
|
Batting: RHB Young-kwang Ohnn
|
0-0: Foul Ball, location: 2F 0-1: Swinging Strike 0-2: Strikes out looking
|
Batting: RHB Guillermo Vargas
|
0-0: Ball 1-0: Ball 2-0: Ball 3-0: Called Strike 3-1: Foul Ball, location: 2F 3-2: SINGLE (Line Drive, 7LM, EV 102.5 MPH)
|
Batting: RHB Jose Vasquez
|
0-0: Called Strike 0-1: Ball 1-1: Ball 2-1: Foul Ball, location: 2F 2-2: SINGLE (Line Drive, 7S, EV 104.4 MPH) Guillermo Vargas to second
|
Pitching: LHP Jimmy Genge
|
|
Batting: RHB Saimei Kudo
|
0-0: Called Strike 0-1: Foul Ball, location: 2F 0-2: Fly out, F8 (Flyball, 8LM, EV 96.3 MPH)
|
Batting: SHB Olaf Zoeteman
|
0-0: Foul Ball, location: 2F 0-1: Ball 1-1: Ball 2-1: DOUBLE (Flyball, 78D, EV 95.6 MPH) Guillermo Vargas scores Jose Vasquez to third Runner from 3rd tries for Home, SAFE, no throw by LF
|
Batting: RHB Andres Leon
|
0-0: Ball 1-0: Called Strike 1-1: Ball 2-1: Ball 3-1: 2-RUN HOME RUN (Flyball, 89XD, EV 103.1 MPH), Distance : 441 ft
|
Batting: LHB Suguru Tokunaga
|
0-0: Called Strike 0-1: Called Strike 0-2: Fly out, F7 (Line Drive, 7, EV 88.8 MPH)
|
Bottom of the 8th over - 4 runs, 4 hits, 0 errors, 0 left on base; New Jersey 1 - Southern Maryland 5 |
TOP OF THE 9TH |
New Jersey Devils batting - Pitching for Southern Maryland Blue Crabs : RHP Ivan Martinez
|
Batting: SHB Nelle van den Berg
|
0-0: Ball 1-0: Ball 2-0: Swinging Strike 2-1: Foul Ball, location: 2F 2-2: Strikes out swinging
|
Batting: RHB Cesar Chavez
|
0-0: Foul Ball, location: 2F 0-1: Ball 1-1: Swinging Strike 1-2: Fly out, F7 (Flyball, 7, EV 85.0 MPH)
|
Batting: RHB Victor Ponce
|
0-0: Ball 1-0: Ball 2-0: Called Strike 2-1: Foul Ball, location: 2F 2-2: Strikes out looking
|
Top of the 9th over - 0 runs, 0 hits, 0 errors, 0 left on base; New Jersey 1 - Southern Maryland 5 |
|